 Dungeon Crawl Stone Soup version 0.23-b1-6-ga921848b48 (webtiles) character file.

Game seed: 14066779408396789064

168 Descartes the Insei (level 5, 0/34 HPs)
             Began as an Octopode Transmuter on Feb 1, 2019.
             Killed by divine providence
             ... invoked by an orc priest
              (13 damage)
             ... on level 3 of the Dungeon.
             The game lasted 00:07:16 (3289 turns).

Descartes the Insei (Octopode Transmuter)           Turns: 3289, Time: 00:07:16

Health: 0/34       AC:  1    Str:  9    XL:     5   Next: 49%
Magic:  6/8        EV: 14    Int: 17    God:
Gold:   194        SH:  4    Dex: 12    Spells: 5/8 levels left

rFire    . . .     SeeInvis .     - Unarmed
rCold    . . .     Gourm    .   (no shield)
rNeg     . . .     Faith    .   (helmet restricted)
rPois    .         Spirit   .   k - +4 amulet of reflection
rElec    .         Reflect  +   (no ring)
rCorr    .         Harm     .   (no ring)
MR       .....                  (no ring)
Stlth    +++.......             (no ring)
HPRegen  0.11/turn              (no ring)
MPRegen  0.11/turn              (no ring)
                                (no ring)
                                (no ring)

@: no status effects
A: almost no armour, stealthy swim, amphibious, 8 rings, constrict 8, camouflage
1, gelatinous body 1
a: no special abilities


You were on level 3 of the Dungeon.
You were not hungry.

You visited 1 branch of the dungeon, and saw 3 of its levels.

You collected 194 gold pieces.

Inventory:

Hand Weapons
 b - a +0 hunting sling
 n - a +2 dagger of speed
 t - a +0 blowgun
Missiles
 a - 35 arrows
 g - 40 stones (quivered)
 m - 4 tomahawks
 r - 4 needles of confusion
 u - 9 poisoned needles
Armour
 j - a +0 large shield
Jewellery
 k - a +4 amulet of reflection (around mantle)
Wands
 A - a wand of iceblast (10)
Scrolls
 e - a scroll of amnesia {unknown}
 f - a scroll of fog {unknown}
 p - a scroll of magic mapping {unknown}
 q - a scroll of teleportation {unknown}
 w - a scroll of identify {unknown}
 y - a scroll of immolation {unknown}
 C - a scroll of enchant armour {unknown}
 D - a scroll of remove curse {unknown}
Potions
 d - 2 potions of agility {unknown}
 h - 3 potions of brilliance
 i - a potion of lignification {unknown}
 l - a potion of mutation {unknown}
 o - a potion of heal wounds {unknown}
 v - a potion of resistance {unknown}
 x - a potion of degeneration {unknown}
 z - a potion of haste {unknown}
 B - a potion of might {unknown}
Comestibles
 c - 4 rations
 s - 2 chunks of flesh


   Skills:
 + Level 1.7 Fighting
 + Level 2.7 Dodging
 + Level 2.2 Stealth
 * Level 3.9 Unarmed Combat
 + Level 2.4 Spellcasting
 * Level 3.3 Transmutations


You had 5 spell levels left.
You knew the following spells:

 Your Spells              Type           Power        Failure   Level  Hunger
a - Beastly Appendage     Tmut           ##....       4%          1    #......
b - Sticks to Snakes      Tmut           ##......     7%          2    ##.....

Your spell library contained the following spells:

 Spells                   Type           Power        Failure   Level  Hunger
 Spider Form              Tmut/Pois      #.........   28%         3    ###....
 Ice Form                 Ice/Tmut       #.......     67%         4    #####..
 Blade Hands              Tmut           ##........   78%         5    ######.


Dungeon Overview and Level Annotations

Branches:
Dungeon (3/15)

Altars:
Trog


Innate Abilities, Weirdness & Mutations

You cannot wear most types of armour.
You are very stealthy in the water. (Stealth+)
You are amphibious.
You can wear up to eight rings at the same time.
You can use your tentacles to constrict eight enemies at once.
Your skin changes colour to match your surroundings (Stealth+).
Your rubbery body absorbs attacks. (AC +1, EV +1)


Message History

Attack!
Your adder bites the orc.
The orc dies!
Your adder withers and dies!
You start resting.
Your magical contamination has completely faded away.
You start resting.
Magic restored.
You start resting.
Eating one of 3 chunks of flesh.
You eat one of the 3 chunks of flesh.
This raw flesh tastes terrible.
The orc priest is too close now for your liking.
Casting: Sticks to Snakes (safe; 7% risk of failure)
Confirm with . or Enter, or press ? or * to list all spells.
You create a snake!
You now have 35 arrows.
The orc priest shouts!
You swap places.
The orc priest calls down the wrath of Beogh upon you.
Beogh smites you!
You die...

#......##.............#.###
#...######....8.........# #...#
##..8.8........# #.(.#
##..8._.8.......## #...#
#....8)8.........## #...#
###.....8.......##..# #...#
#...............###.#
#############........<.).....##.#
.o.....[)o.....S@...)..#.....##..
############....####.#.##....####
#######....# ##(..###)..#
#........### #..### #...#
.####..## #..# ##..## #..## #..#
#...# ##.## #..# #...## #..# #.##
#....## ###.## ## #......


You could see an orc priest and a friendly adder.

Vanquished Creatures
  Terence (D:2)
  A worker ant (D:2)
  3 adders (D:3)
  A dart slug (D:3)
  A leopard gecko (D:3)
  A giant cockroach (D:3)
  6 goblins
  13 hobgoblins
  2 jackals (D:2)
  10 kobolds
  A quokka (D:3)
  A ball python (D:1)
  9 bats
  8 frilled lizards
  9 rats
67 creatures vanquished.

Vanquished Creatures (collateral kills)
  An orc wizard (D:3)
  An orc (D:3)
2 creatures vanquished.

Grand Total: 69 creatures vanquished

Notes
Turn   | Place    | Note
-------+----------+-------------------------------------------
     0 | D:1      | Descartes the Octopode Transmuter began the quest for the
                  | Orb.
     0 | D:1      | Reached XP level 1. HP: 13/13 MP: 3/3
   185 | D:1      | Reached XP level 2. HP: 17/18 MP: 5/5
   195 | D:1      | Learned a level 2 spell: Sticks to Snakes
   490 | D:1      | Reached skill level 1 in Stealth
  1339 | D:2      | Reached XP level 3. HP: 23/23 MP: 6/6
  1349 | D:2      | Noticed Terence
  1360 | D:2      | Killed Terence
  1526 | D:2      | Reached XP level 4. HP: 14/28 MP: 7/7
  1676 | D:2      | Found a bloodstained altar of Trog.
  2500 | D:3      | Found a faded altar of an unknown god.
  2539 | D:3      | Reached XP level 5. HP: 18/33 MP: 6/8
  3289 | D:3      | Killed from afar by an orc priest

Skill      XL: |  1  2  3  4  5 |
---------------+----------------+-----
Stealth        | 1 2 |  2.2
Transmutations | 3 |  3.3
Fighting       | |  1.7
Dodging        | |  2.7
Unarmed Combat | |  3.9
Spellcasting   | |  2.4

Action                   |  1- 3 |  4- 6 || total
-------------------------+-------+-------++-------
Melee: Unarmed           |    64 |    93 ||   157
       Constrict         |    17 |    22 ||    39
       Tentacles         |    13 |    10 ||    23
       Kick              |     2 |     3 ||     5
       Punch             |     1 |       ||     1
 Cast: Beastly Appendage |     1 |     1 ||     2
       Sticks to Snakes  |       |     3 ||     3
  Use: Potion            |     2 |       ||     2
 Stab: Sleeping          |     7 |     9 ||    16
       Distracted        |     1 |       ||     1
  Eat: Chunk             |     2 |     6 ||     8
Armor: Skin              |     3 |     2 ||     5
Dodge: Dodged            |    30 |    48 ||    78
Block: Other             |     3 |    10 ||    13
       Reflection        |     1 |       ||     1
